AoeStats
← AiM | mc_cario

Arabia

508543026Analyzed
1v1 RM · 10d ago on Sep 22, 2026· 58m 17s· 2 players
Game mode
Random Map
Map size
Tiny (2 player)
Population
200
Speed
Normal
Resources
Standard
Victory
Conquest
Starting age
Dark Age
Ending age
Imperial Age
RankedLock teamsTeams togetherTeam positionsShared explorationLock speedFull tech treeHidden civsTurbo modeCheats
Victory
Defeat
🇨🇱 Saxons · Chile
1350
+19
🇦🇷 Armenians · Argentina
1422
-19
AiM | mc_cario
8:08 Feudal Age
6:26 Loom
8:11 Feudal Age
12:10 Double-Bit Axe
12:20 Fletching
22:12 Castle Age
20:31 Gold Mining
21:12 Padded Archer Armor
22:18 Crossbowman
22:55 Bodkin Arrow
24:48 Bow Saw
28:56 Wheelbarrow
29:15 Ballistics
34:05 Imperial Age
34:06 Arbalester
34:49 Bracer
36:27 Chemistry
36:26 Thumb Ring
37:31 Light Cavalry
38:33 Hand Cart
42:30 Scale Barding Armor
43:32 Chain Barding Armor
44:08 Bloodlines
44:29 Leather Archer Armor
47:56 Husbandry
48:04 Horse Collar
48:47 Cavalier
49:35 Hussar
51:37 Forging
| ArCas | VicenteElGordo
6:07 Loom
9:03 Feudal Age
9:55 Double-Bit Axe
13:31 Town Watch
14:43 Fletching
16:04 Padded Archer Armor
20:29 Castle Age
21:12 Horse Collar
22:35 Wheelbarrow
22:25 Bow Saw
21:55 Crossbowman
23:20 Bodkin Arrow
27:21 Husbandry
32:55 Hand Cart
33:38 Elite Skirmisher
34:44 Scale Barding Armor
37:49 Imperial Age
36:37 Leather Archer Armor
37:07 Bloodlines
37:04 Scale Barding Armor
38:00 Onager
39:16 Gold Mining
40:06 Conscription
40:39 Bracer
41:42 Squires
43:16 Ballistics
42:57 Pikeman
44:10 Heavy Plow
44:09 Halberdier
46:27 Chemistry
45:49 Scale Mail Armor
46:00 Forging
48:44 Ring Archer Armor
48:30 Chain Mail Armor
48:51 Iron Casting
48:03 Gambesons
47:39 Man-at-Arms
49:12 Long Swordsman
54:05 Fereters
55:25 Plate Mail Armor
55:55 Blast Furnace
Connection lost

Rejoining the realm…

Still unreachable

The connection could not be restored.

Session expired

The server has moved on; the page needs a fresh start.